 Dungeon Crawl Stone Soup version 0.27-a0-1122-g2a214b436d (webtiles) character file.

Game seed: 13411991283917232059

626 DasRunzen the Conjurer (level 7, 0/57 HPs)
             Began as a Demigod Conjurer on May 3, 2021.
             Slain by an orc warrior
             ... wielding a +0 dire flail
              (14 damage)
             ... on level 4 of the Dungeon.
             The game lasted 00:12:14 (5539 turns).

DasRunzen the Conjurer (Demigod Conjurer)           Turns: 5539, Time: 00:12:15

Health: 0/57       AC:  5    Str: 16    XL:     7   Next: 2%
Magic:  10/15      EV: 13    Int: 20    God:
Gold:   245        SH:  0    Dex: 12    Spells: 7/12 levels left

rFire    . . .     SeeInvis .   b - +1 short sword (flame)
rCold    . . .     Faith    .   (no shield)
rNeg     . . .     Spirit   .   a - +0 robe
rPois    +         Reflect  .   (no helmet)
rElec    .         Harm     .   e - +2 cloak
rCorr    .         Rampage  .   (no gloves)
Will     .....                  (no boots)
Stlth    ++........             (no amulet)
HPRegen  0.19/turn              p - ring of poison resistance
MPRegen  0.14/turn              (no ring)

@: no status effects
A: high mp 1, forlorn
a: no special abilities


You were on level 4 of the Dungeon.
You visited 1 branch of the dungeon, and saw 5 of its levels.

You collected 308 gold pieces.
You spent 63 gold pieces at shops.

Inventory:

Hand Weapons
 b - a +1 short sword of flaming (weapon)
Armour
 a - a +0 robe (worn)
 e - a +2 cloak (worn)
 q - a +0 buckler
Jewellery
 p - a ring of poison resistance (left hand)
Wands
 n - a wand of iceblast (11)
 o - a wand of digging (3)
Scrolls
 f - 3 scrolls of teleportation
 k - a scroll of magic mapping
 m - a scroll of enchant armour
Potions
 c - a potion of invisibility
 d - a potion of brilliance
 g - a potion of flight
 h - a potion of might {unknown}
 i - a potion of curing {unknown}
 j - a potion of heal wounds {unknown}
 l - 2 potions of degeneration {unknown}


   Skills:
 + Level 3.2 Fighting
 + Level 3.8 Dodging
 - Level 1.7 Stealth
 + Level 1.5 Shields
 + Level 3.4 Spellcasting
 + Level 5.0 Conjurations


You had 7 spell levels left.
You knew the following spells:

 Your Spells              Type           Power      Damage    Failure   Level
a - Magic Dart            Conj           92%        1d7       1%          1
b - Searing Ray           Conj           46%        3d4       2%          2
c - Wereblood             Tmut           3%         N/A       21%         2

Your spell library contained the following spells:

 Spells                   Type           Power      Damage    Failure   Level
 Beastly Appendage        Tmut           6%         N/A       14%         1
 Dazzling Flash           Conj/Hex       26%        N/A       14%         3
 Spider Form              Tmut/Pois      1%         N/A       38%         3
 Fulminant Prism          Conj/Hex       6%         3d7       43%         4
 Iskenderun's Mystic Bla  Conj/Tloc      13%        2d5       43%         4
 Iskenderun's Battlesphe  Conj           23%        2d8       43%         5
 Ice Form                 Ice/Tmut       3%         N/A       80%         4
 Bolt of Magma            Conj/Fire/Erth 5%         4d5       88%         5
 Hydra Form               Tmut           1%         N/A       98%         5
 Iron Shot                Conj/Erth      6%         9d2       100%        6
 Orb of Destruction       Conj           11%        9d5       100%        7
 Spellforged Servitor     Conj/Summ      6%         N/A       100%        7


Dungeon Overview and Level Annotations

Branches:
Dungeon (5/15)             Temple (0/1) D:5

Shops:
D:3 =   D:5 [

Annotations:
D:5 2 runed translucent doors


Innate Abilities, Weirdness & Mutations

Your attributes grow dramatically as you level up.
You have an increased reservoir of magic. (+10% MP)
You shall have no god before yourself.


Message History

The killer bee zombie hits you.
You hit the killer bee zombie. You burn the killer bee zombie.
The killer bee zombie is moderately damaged.
The killer bee zombie hits you.
The killer bee zombie hits you but does no damage.
You closely miss the killer bee zombie.
The killer bee zombie is moderately damaged.
The killer bee zombie closely misses you.
The killer bee zombie hits you.
You hit the killer bee zombie. You burn the killer bee zombie.
The killer bee zombie is heavily damaged.
The killer bee zombie hits you.
The killer bee zombie barely misses you.
You closely miss the killer bee zombie.
The killer bee zombie is heavily damaged.
The killer bee zombie completely misses you.
The killer bee zombie closely misses you.
You closely miss the killer bee zombie.
The killer bee zombie is heavily damaged.
The killer bee zombie hits you.
An orc warrior comes into view. It is wielding a +0 dire flail.
The orc warrior shouts!
You hit the orc warrior but do no damage.
You hit the orc warrior but do no damage.
The orc warrior hits you with a +0 dire flail!
* * * LOW HITPOINT WARNING * * *
Found a dyed leather armour.
Found a runed ring mail and 17 gold pieces.
There is a stone staircase leading up here.
The killer bee zombie hits you but does no damage.
You climb upwards.
There is a stone staircase leading down here.
You see here 21 arrows.
The orc warrior hits you with a +0 dire flail!
* * * LOW HITPOINT WARNING * * *
Okay, then.
There is a stone staircase leading down here.
You see here 21 arrows.
The orc warrior hits you with a +0 dire flail!
You die...

##...# ##.................####
#...######..........####....###.
#...#...............## ##.......
#..........####......# ##.......
#.########.## ###....###........
#.# #...## #.....#.......## #.##
##....####............## ##.#
##..##....o..##.......## #.##
#..####..@#####........##
##.###..# ##.## ##....###..##
#.##..## #.## ##.....# ##..#
##....## ###..###...#.## ##..
##......####.....>(..#..# ##.
##........#.....#....##..# ##
#.##..........####......## #.
.####........####.......## #. .#
###.....####.........## ##.


You could see an orc warrior.

Vanquished Creatures
  An ogre (D:5)
  A jelly (D:3)
  A centaur skeleton (D:5)
  3 orc priests (D:5)
  Jessica (D:3)
  An iguana (D:5)
  5 orc wizards
  4 gnolls (D:2)
  6 adders
  4 dart slugs
  14 orcs
  9 ball pythons
  4 endoplasms
  4 giant cockroaches
  15 goblins
  6 hobgoblins
  5 quokkas
  4 bats
  2 frilled lizards (D:1)
  8 kobolds
  8 rats
106 creatures vanquished.

Notes
Turn   | Place    | Note
-------+----------+-------------------------------------------
     0 | D:1      | DasRunzen the Demigod Conjurer began the quest for the Orb.
     0 | D:1      | Reached XP level 1. HP: 14/14 MP: 5/5
   316 | D:1      | Reached XP level 2. HP: 22/22 MP: 4/7
   319 | D:1      | Learned a level 2 spell: Searing Ray
   972 | D:2      | Reached skill level 1 in Fighting
  1263 | D:2      | Reached XP level 3. HP: 28/28 MP: 2/8
  1638 | D:2      | Reached skill level 4 in Conjurations
  1649 | D:2      | Reached XP level 4. HP: 35/35 MP: 2/10
  2766 | D:3      | Reached XP level 5. HP: 41/41 MP: 4/12
  2889 | D:3      | Noticed Jessica
  2894 | D:3      | Killed Jessica
  3546 | D:3      | Found Peciheal's Jewellery Boutique.
  3999 | D:4      | Learned a level 2 spell: Wereblood
  5059 | D:5      | Entered Level 5 of the Dungeon
  5066 | D:5      | Reached XP level 6. HP: 50/50 MP: 5/13
  5164 | D:5      | Found Ivote's Armour Shop.
  5207 | D:5      | Bought a +0 buckler for 63 gold pieces
  5328 | D:5      | Found a staircase to the Ecumenical Temple.
  5451 | D:5      | Found a large runed translucent door.
  5451 | D:5      | Found a large runed translucent door.
  5458 | D:5      | Reached skill level 1 in Shields
  5464 | D:5      | Reached skill level 5 in Conjurations
  5475 | D:5      | Reached XP level 7. HP: 40/57 MP: 0/15
  5497 | D:5      | Noticed a wraith
  5498 | D:5      | Noticed a yak
  5539 | D:4      | Slain by an orc warrior

Illustrated notes

Levels and vault maps discovered:
D:1:      dpeg_arrival_tiny_j, layout_rooms, basic_ecumenical_altar,
          corexii_item_surrounded_by_moat
D:2:      layout_basic
D:3:      layout_rooms, trog_book, serial_shops, shop, serial_glass,
          glass_columns_a, glass_columns_a, chequers_arboretum,
          chequers_serial_rivers_micro_c, hex_tiny, dk_noncrumbling_3,
          minmay_misc_feat_pillars, minmay_goblin_outpost, uniq_jessica
D:4:      layout_layer_cave, lemuel_doored_altar
D:5:      layout_basic, minmay_temple_entry_junction, serial_shops,
          kennysheep_mini_moat, nicolae_shop_trees,
          chequers_serial_rivers_micro_e, minmay_hollow_rounded_squares

Skill      XL: |  1  2  3  4  5  6 |
---------------+-------------------+-----
Dodging        | 2 3 |  3.8
Spellcasting   | 2 3 |  3.4
Fighting       | 1 2 3 |  3.2
Conjurations   | 4 5 |  5.0
Shields        | 1 |  1.5
Stealth        | |  1.7

Action                   |  1- 3 |  4- 6 |  7- 9 || total
-------------------------+-------+-------+-------++-------
Melee: Short sword       |       |    17 |    11 ||    28
 Cast: Magic Dart        |    65 |   109 |       ||   174
       Searing Ray       |     3 |    15 |       ||    18
  Use: Scroll            |     4 |     7 |       ||    11
Armor: Robe              |       |     7 |     5 ||    12
Dodge: Dodged            |     4 |    18 |     8 ||    30

Table legend: (Time is in decaauts)
 A = Elapsed time spent in this place.
 B = Non-inter-level travel time spent in this place.
 C = Inter-level travel time spent in this place.
 D = Time resting spent in this place.
 E = Time spent auto-exploring this place.
 F = Levels seen in this place.
 G = Mean time per level.
                   A        B        C        D        E       F      G
               +--------+--------+--------+--------+--------+-----+--------+
         Total |   5541 |   5485 |     56 |    392 |   4484 |   5 | 1108.2 |
       Dungeon |   5541 |   5485 |     56 |    392 |   4484 |   5 | 1108.2 |
               +--------+--------+--------+--------+--------+-----+--------+

Top non-repeatable levels by time:
     D:2: 1638 daAuts
     D:3: 1283 daAuts
     D:4: 1254 daAuts
     D:1: 913 daAuts
     D:5: 451 daAuts
